[Event "Team 45 45 League T44"]
[Site "Internet Chess Club"]
[Date "2010.02.20"]
[Round "3"]
[White "Matusalen"]
[Black "bobhill"]
[Result "1-0"]
[WhiteElo "2021"]
[BlackElo "2010"]
[Opening "Réti opening"]
[ECO "A04"]
[Time "17:00:55"]
[TimeControl "2700+45"]

1. Nf3 c5 2. g3 Nc6 3. Bg2 g6 4. O-O Bg7 5. d3 Nf6 6. e4 O-O 7. c3 d6 8. Nbd2
Bd7 9. h3 Nh5 10. Nh4 Qc8 11. Kh2 Qc7 12. a4 Rab8 13. Nc4 a6 14. Nf5 Bxf5 15.
exf5 e6 16. Bf3 Nf6 17. fxe6 fxe6 18. Bf4 e5 19. Bg5 h6 20. Bxf6 Rxf6 21. Ne3
Ne7 22. Kg2 Qd7 23. Bd5+ Kh7 24. Qb3 Nxd5 25. Qxd5 Re8 26. Ng4 Rf7 27. Ne3 h5
28. a5 Re6 29. Ra3 Bh6 30. Nc4 Qe7 31. Rb3 Ref6 32. Rb6 Qe6 33. Qxe6 Rxe6 34.
Rxd6 Rxd6 35. Nxd6 Rd7 36. Ne4 Rxd3 37. Re1 c4 38. Ra1 Kg7 39. Ra4 Bc1 40. Rxc4
Bxb2 41. Rc7+ Kh6 42. h4 Ba1 43. Ng5 {Black resigns} 1-0

[Event "Team 45 45 League T44"]
[Site "Internet Chess Club"]
[Date "2010.02.17"]
[Round "3"]
[White "Beddathanme"]
[Black "Chatica"]
[Result "1/2-1/2"]
[WhiteElo "1853"]
[BlackElo "1960"]
[Opening "Pirc: Holmov system"]
[ECO "B07"]
[Time "21:00:45"]
[TimeControl "2700+45"]

1. e4 d6 2. d4 Nf6 3. Nc3 g6 4. Bc4 Bg7 5. Qe2 Nc6 6. e5 Nxd4 7. exf6 Nxe2 8.
fxg7 Rg8 9. Ngxe2 Rxg7 10. Bh6 Rg8 11. h4 c6 12. O-O-O Qa5 13. Rhe1 d5 14. Bb3
Bd7 15. Bd2 Qc7 16. Bf4 Qa5 17. Bd2 Qd8 18. Nd4 e6 19. Bg5 Qc7 20. Bxd5 cxd5 21.
Nxd5 Qa5 22. Nf6+ Kf8 23. Nxd7+ Kg7 24. Bf6+ Kh6 25. Bg5+ Kg7 26. Bf6+ Kh6 27.
Bg5+ {Game drawn by mutual agreement} 1/2-1/2

[Event "Team 45 45 League T44"]
[Site "Internet Chess Club"]
[Date "2010.02.21"]
[Round "3"]
[White "MisticKnights"]
[Black "Beetlejuice"]
[Result "1-0"]
[WhiteElo "1962"]
[BlackElo "1836"]
[Opening "English opening"]
[ECO "A21"]
[Time "14:05:07"]
[TimeControl "2700+45"]

1. c4 e5 2. Nc3 d6 3. Nf3 Nc6 4. g3 f5 5. d3 Nf6 6. Bg2 g6 7. O-O Bg7 8. Rb1 O-O
9. b4 Rb8 10. Qa4 a6 11. b5 axb5 12. cxb5 Ne7 13. Qc4+ Kh8 14. Ba3 h6 15. Rfc1
Bd7 16. Nd2 c5 17. bxc6 Bxc6 18. Bxc6 Nxc6 19. Qe6 Re8 20. Qxd6 Qa5 21. Nc4 Qa6
22. Rb6 Qa7 23. Rcb1 Red8 24. Qe6 Rd7 25. Nb5 Qa4 26. Nxe5 Re8 27. Nxg6+ Kh7 28.
Qxf5 Rd5 29. Ne5+ Kg8 30. Nc3 Rexe5 31. Qc8+ Re8 32. Qxe8+ Nxe8 33. Nxa4 Ra5 34.
Bb2 Rxa4 35. Bxg7 Nxg7 36. Rxb7 Rxa2 37. Rc7 Ra6 38. Rbb7 Ne6 39. Rc8+ Nf8 40.
f4 Ra7 41. Rxa7 Nxa7 42. Rb8 h5 43. Rb6 Nh7 44. d4 Nf8 45. d5 Nc8 46. Rh6 Ne7
47. e4 Kg7 48. Rb6 Kf7 49. Rb7 Kf6 50. e5+ {Black resigns} 1-0

[Event "Team 45 45 League T44"]
[Site "Internet Chess Club"]
[Date "2010.02.20"]
[Round "3"]
[White "TerryMalloy"]
[Black "Wheels"]
[Result "1-0"]
[WhiteElo "2049"]
[BlackElo "1971"]
[Opening "Sicilian: Najdorf, 7...Qb6"]
[ECO "B97"]
[Time "16:06:49"]
[TimeControl "2700+45"]

1. e4 c5 2. Nf3 d6 3. d4 cxd4 4. Nxd4 Nf6 5. Nc3 a6 6. Bg5 e6 7. f4 Qb6 8. Nb3
Be7 9. Qf3 Nbd7 10. Bd3 Qc7 11. a4 h6 12. Qh3 O-O 13. Bh4 b6 14. O-O Bb7 15. f5
exf5 16. Rxf5 Ne5 17. Bxf6 Bxf6 18. Rxf6 gxf6 19. Qxh6 Ng6 20. Nd5 Bxd5 21. exd5
Rfe8 22. Nd4 Qe7 23. Nf5 Qf8 24. Qh3 Re5 25. Nh6+ Kg7 26. Ng4 Qh8 27. Qf3 f5 28.
Nxe5 Nxe5 29. Qxf5 Nxd3 30. Qxd3 Kf8 31. c3 {Black resigns} 1-0

[Event "Team 45 45 League T44"]
[Site "Internet Chess Club"]
[Date "2010.02.21"]
[Round "3"]
[White "Philly-Boy"]
[Black "alexdb"]
[Result "1/2-1/2"]
[WhiteElo "1873"]
[BlackElo "1981"]
[Opening "Trompowsky attack (Ruth, Opocenský opening)"]
[ECO "A45"]
[Time "17:01:15"]
[TimeControl "2700+45"]

1. d4 Nf6 2. Bg5 c5 3. Bxf6 gxf6 4. c3 Qb6 5. Qd2 Bh6 6. e3 Na6 7. Nf3 Nc7 8.
Qc2 d5 9. dxc5 Qxc5 10. Bd3 e6 11. Nbd2 a5 12. Qa4+ Bd7 13. Qh4 Bg7 14. e4 Bb5
15. Nb3 Qb6 16. Bxb5+ Qxb5 17. exd5 Nxd5 18. Qg4 Bh6 19. Nfd4 Qb6 20. a4 Nf4 21.
O-O O-O-O 22. Qf3 Rhg8 23. g3 e5 24. Nf5 Bf8 25. Kh1 Nh3 26. Qg2 Ng5 27. Nc1 Rd2
28. b4 axb4 {Game drawn by mutual agreement} 1/2-1/2

[Event "Team 45 45 League T44"]
[Site "Internet Chess Club"]
[Date "2010.02.22"]
[Round "3"]
[White "talfischerman"]
[Black "SquAREA51"]
[Result "1/2-1/2"]
[WhiteElo "1593"]
[BlackElo "1561"]
[Opening "French: Rubinstein variation"]
[ECO "C10"]
[Time "19:01:19"]
[TimeControl "2700+45"]

1. e4 e6 2. d4 d5 3. Nc3 dxe4 4. Nxe4 Nd7 5. Bd3 Ngf6 6. Bg5 h6 7. Bh4 Be7 8.
Nf3 Nxe4 9. Bxe7 Qxe7 10. Bxe4 Nf6 11. Bd3 c5 12. O-O O-O 13. Re1 Bd7 14. c3
cxd4 15. Nxd4 Rfd8 16. Qf3 Qc5 17. Re2 Qd5 18. Rae1 Qxf3 19. Nxf3 Nd5 20. g3 Bc6
21. Ne5 Rac8 22. f4 Nf6 23. Rc2 Ng4 24. Nxc6 Rxc6 25. Be4 Rcd6 26. h3 Rd1 27.
Re2 Rxe1+ 28. Rxe1 Nf6 29. Bf3 Rd2 30. Re2 Rxe2 31. Bxe2 b6 32. Kf2 Kf8 33. Kf3
Ke7 34. c4 Kd6 35. b4 a5 36. bxa5 bxa5 37. Ke3 Kc5 38. Kd3 Ne8 39. Kc3 Nd6 40.
Kb3 Ne4 41. g4 a4+ 42. Kc2 Nd6 43. Kc3 f6 44. Bd1 e5 45. fxe5 fxe5 46. Bxa4 Nxc4
47. Bc2 Nd6 48. a4 Nc4 49. Be4 Na5 50. h4 g5 51. hxg5 hxg5 52. Bf5 Kd5 53. Kd3
Nb3 54. Be4+ Kc5 55. Bf3 Kb4 56. Bd1 Nc5+ 57. Ke3 Ka5 58. Bc2 Kb4 59. Bd1 Ka5
60. Bc2 Kb4 61. Kd2 Kc4 62. Ke3 Kb4 {Game drawn by repetition} 1/2-1/2

[Event "Team 45 45 League T44"]
[Site "Internet Chess Club"]
[Date "2010.02.17"]
[Round "3"]
[White "BrerRabbit"]
[Black "KnightofMercy"]
[Result "0-1"]
[WhiteElo "1489"]
[BlackElo "1649"]
[Opening "English opening"]
[ECO "A13"]
[Time "19:00:44"]
[TimeControl "2700+45"]

1. c4 e6 2. g3 f5 3. Bg2 Nf6 4. Nf3 d5 5. O-O Bd6 6. b3 Qe7 7. Bb2 O-O 8. d3
Nbd7 9. Nbd2 c6 10. Re1 f4 11. Rc1 fxg3 12. hxg3 Kh8 13. e4 Bb4 14. exd5 cxd5
15. Bc3 Bxc3 16. Rxc3 dxc4 17. dxc4 Nc5 18. Ne5 Bd7 19. Rce3 Rac8 20. Nxd7 Qxd7
21. Bh3 Rce8 22. Qe2 Qd8 23. Nf3 Qa5 24. Ne5 Rd8 25. Ra1 Rd2 26. Qe1 Qd8 27. Nf3
Rd3 28. Ne5 Rxe3 29. Qxe3 Nfe4 30. f4 Qb6 31. Bg2 Nxg3 32. Qxg3 Ne4+ 33. c5
Qxc5+ 34. Kh2 Nxg3 35. Nd7 Qh5+ 36. Kxg3 Qg6+ 37. Kf3 Qd3+ 38. Kg4 Qxd7 {White
resigns} 0-1

[Event "Team 45 45 League T44"]
[Site "Internet Chess Club"]
[Date "2010.02.21"]
[Round "3"]
[White "Despair"]
[Black "frank001"]
[Result "0-1"]
[WhiteElo "1959"]
[BlackElo "1837"]
[Opening "Benko's opening"]
[ECO "A00"]
[Time "04:00:33"]
[TimeControl "2700+45"]

1. g3 e5 2. Bg2 d5 3. b3 Be6 4. Bb2 f6 5. d3 c6 6. Nf3 Bd6 7. Nbd2 Ne7 8. O-O
Nd7 9. c4 O-O 10. Rc1 Rc8 11. c5 Bxc5 12. e3 Bd6 13. Re1 Nc5 14. Qc2 Bf5 15. e4
Bg6 16. Nh4 Bf7 17. d4 exd4 18. Bxd4 Ne6 19. Bb2 Re8 20. Rcd1 Qc7 21. Nhf3 Bc5
22. Bh3 Qb6 23. Rf1 Rcd8 24. Rc1 Bb4 25. Rfd1 Qa5 26. Ra1 dxe4 27. Nxe4 Qh5 28.
Bg2 Nd5 29. a3 Bf8 30. Nh4 a6 31. Bf3 Qh6 32. Bc1 Ng5 33. Nxg5 fxg5 34. Nf5 Qg6
35. Bb2 g4 36. Bg2 Qg5 37. Nd4 Bg6 38. Qc4 Kh8 39. a4 Bf7 40. Qf1 Nf6 41. Rd3
Bg6 42. Rdd1 Ne4 43. Qc4 Nxf2 44. Kxf2 Qe3+ 45. Kf1 Bb4 46. Qxb4 Rf8+ 47. Bf3
Rxf3+ 48. Nxf3 Qxf3+ 49. Kg1 Rxd1+ 50. Rxd1 Qxd1+ 51. Kf2 Qf3+ 52. Ke1 Qh1+ 53.
Kd2 Qxh2+ 54. Kc1 Qc2# {White checkmated} 0-1

[Event "Team 45 45 League T44"]
[Site "Internet Chess Club"]
[Date "2010.02.19"]
[Round "3"]
[White "eSeM"]
[Black "matein7"]
[Result "1-0"]
[WhiteElo "1937"]
[BlackElo "1786"]
[Opening "QGD: Tartakower (Makagonov-Bondarevsky) system"]
[ECO "D58"]
[Time "20:02:19"]
[TimeControl "2700+45"]

1. d4 d5 2. Nf3 Nf6 3. c4 e6 4. Nc3 Be7 5. Bg5 h6 6. Bh4 O-O 7. e3 b6 8. Be2
dxc4 9. Bxc4 Bb7 10. Rc1 Nbd7 11. O-O c5 12. dxc5 Nxc5 13. Qe2 Nfe4 14. Nxe4
Bxh4 15. Nxc5 Bxf3 16. Qxf3 bxc5 17. Qe4 Be7 18. f4 Rc8 19. f5 exf5 20. Qxf5 Bf6
21. Rf2 Qe7 22. Bd3 g6 23. Qxf6 Qxe3 24. Rc3 Rcd8 25. Qxg6+ fxg6 26. Bc4+ Kg7
27. Rxe3 Rd1+ 28. Rf1 {Black resigns} 1-0

[Event "Team 45 45 League T44"]
[Site "Internet Chess Club"]
[Date "2010.02.22"]
[Round "3"]
[White "jjmolina"]
[Black "quotha"]
[Result "1-0"]
[WhiteElo "1719"]
[BlackElo "1616"]
[Opening "French defense"]
[ECO "B41"]
[Time "11:49:23"]
[TimeControl "2700+45"]

1. e4 e6 2. d4 c5 3. Nf3 b6 4. d5 Bb7 5. dxe6 fxe6 6. Nc3 Nf6 7. Bd3 Be7 8. O-O
O-O 9. Re1 d5 10. Qe2 c4 11. exd5 cxd3 12. Qxe6+ Rf7 13. Ne5 Bxd5 14. Nxf7 Bxe6
15. Nxd8 Bxd8 16. Rxe6 dxc2 17. Re2 Nc6 18. Rxc2 Be7 19. Re2 Bc5 20. Be3 Nd4 21.
Rd2 Ne6 22. Bxc5 Nxc5 23. Rad1 {Black resigns} 1-0